 Dungeon Crawl Stone Soup version 0.32-a0-329-ge6c31236d6 (webtiles) character file.

Game seed: 6993768769164405784

3811 BubbleThief the Covert (level 10, -3/57 (61) HPs)
             Began as a Kobold Brigand on Feb 16, 2024.
             Was a Believer of Dithmenos.
             Slain by a wight
             ... wielding a +4 flail
              (11 damage)
             ... on level 8 of the Dungeon.
             The game lasted 00:12:43 (7162 turns).

BubbleThief the Covert (Kobold Brigand)             Turns: 7162, Time: 00:12:43

HP:   -3/57 (61)    AC:  7    Str:  9    XL:     10   Next: 39%
MP:   10/10         EV: 19    Int: 12    God:    Dithmenos [**....]
Gold: 280           SH:  5    Dex: 21    Spells: 9/9 levels left

rFire   + . .        a - +2 dagger
rCold   . . .        (no shield)
rNeg    . . .        B - +2 robe
rPois   .            p - +0 helmet
rElec   .            c - +0 cloak
rCorr   .            (no gloves)
SInv    .            v - +0 pair of boots
Will    +....        f - amulet of reflection
Stlth   +++++++++    w - ring of willpower
HPRegen 0.29/turn    l - ring of protection from fire
MPRegen 0.12/turn

%: reflection
@: wreathed by umbra, drained
A: small, no large weapons, nightstalker 3
a: Renounce Religion, Shadow Step


You were on level 8 of the Dungeon.
You worshipped Dithmenos.
Dithmenos was pleased with you.
You visited 1 branch of the dungeon, and saw 8 of its levels.
You also visited: Sewer and Ossuary.

You collected 280 gold pieces.

Inventory:

Hand Weapons
 a - a +2 dagger (weapon)
 N - a +0 rapier
Missiles
 d - 20 poisoned darts
 e - 3 curare-tipped darts (quivered)
 I - 2 throwing nets
Armour
 c - a +0 cloak (worn)
 p - a +0 helmet (worn)
 v - a +0 pair of boots (worn)
 B - a +2 robe (worn)
Jewellery
 f - an amulet of reflection (around neck)
 k - a ring of positive energy
 l - a ring of protection from fire (right hand)
 w - a ring of willpower (left hand)
 H - a ring of protection from fire
Wands
 t - a wand of flame (6)
 A - a wand of acid (7)
 M - a wand of paralysis (12)
 O - a wand of polymorph (12)
Scrolls
 b - a scroll of torment {unknown}
 g - 3 scrolls of enchant weapon {unknown}
 n - 5 scrolls of teleportation
 s - 8 scrolls of identify
 u - a scroll of enchant armour {unknown}
 x - a scroll of revelation {unknown}
 y - 2 scrolls of amnesia {unknown}
 z - a scroll of acquirement {unknown}
 D - a scroll of fog {unknown}
 F - a scroll of vulnerability {unknown}
 J - a scroll of silence {unknown}
 L - a scroll of brand weapon {unknown}
Potions
 h - 6 potions of haste
 i - 4 potions of might {unknown}
 j - 2 potions of cancellation
 m - 3 potions of heal wounds {unknown}
 o - 3 potions of enlightenment {unknown}
 q - 3 potions of curing {unknown}
 r - 5 potions of brilliance {unknown}
 C - 2 potions of lignification {unknown}
 E - a potion of degeneration {unknown}
 G - a potion of berserk rage {unknown}
 K - a potion of attraction {unknown}


   Skills:
 + Level 6.6 Fighting
 - Level 10.0 Short Blades
 - Level 2.1 Throwing
 + Level 6.8 Dodging
 + Level 14.0 Stealth


You had 9 spell levels left.
You didn't know any spells.
Your spell library contained the following spells:

 Spells                   Type           Power      Damage    Failure   Level
 Magic Dart               Conj           0%         1d3       32%         1
 Blink                    Tloc           0%         N/A       45%         2
 Call Imp                 Summ           0%         N/A       45%         2
 Cigotuvi's Dreadful Rot  Necr/Alch/Air  0%         N/A       45%         2
 Dispel Undead            Necr           0%         3d6       97%         4
 Martyr's Knell           Necr/Summ      0%         N/A       97%         4
 Death Channel            Necr           0%         N/A       100%        6


Dungeon Overview and Level Annotations

Branches:
Dungeon (8/15)             Temple (0/1) D:7           Sewer (visited)
Ossuary (visited)
   Lair: D:8-11

Altars:
Dithmenos
Nemelex Xobeh
Okawaru
Sif Muna
Vehumet
Yredelemnul
Zin

Shops:
D:6 [

Annotations:
D:8 1 transporter, pigah's ghost, novice OnCA


Innate Abilities, Weirdness & Mutations

You are small and have problems with some larger weapons.
You are completely attuned to the shadows.


Message History

The helpless wight fails to defend itself.
You skewer the wight like a kebab!!!!
You destroy the wight!
Dithmenos accepts your kill.
Things that are here:
a +2 trident; a +0 robe 2 wights come into view.
The wight hits you with a +4 flail! The wight completely misses you.
The wight hits you from afar with a +3 spear!
You feel drained. The wight hits you with a +4 flail!
The wight attacks as it pursues you! The wight completely misses you.
Things that are here:
a +2 trident; a +0 robe The wight barely misses you. x2; The wight attacks as it pursues you!
The wight closely misses you. The wight attacks as it pursues you!
The wight hits you with a +4 flail.
You feel drained. The wight attacks as it pursues you!
The wight barely misses you. The wight attacks as it pursues you!
The wight completely misses you. The wight attacks as it pursues you!
The wight closely misses you. The wight attacks as it pursues you!
The wight hits you from afar with a +3 spear.
You feel drained. The wight attacks as it pursues you!
The wight completely misses you. The wight attacks as it pursues you!
The wight misses you. The wight attacks as it pursues you!
The wight barely misses you. The wight attacks as it pursues you!
The wight barely misses you. The wight attacks as it pursues you!
The wight completely misses you. The wight attacks as it pursues you!
The wight misses you. The wight attacks as it pursues you!
The wight hits you from afar with a +3 spear!
You feel drained.
* * * LOW HITPOINT WARNING * * *
The wight attacks as it pursues you! The wight misses you.
The wight attacks as it pursues you! The wight barely misses you.
The wight attacks as it pursues you!
The wight hits you from afar with a +0 spear!
* * * LOW HITPOINT WARNING * * *
The wight attacks as it pursues you! The wight hits you with a +4 flail!
You die...

..#..#########
Y.#..........#
..#..#######<#
.F#...# #.#
....W....#...### #.#
#ß.....ß##.....# #.#
#########....#.# #.#
....©........#.####.#
...........#zz.z@...#
...........#.#.######
############.#.# #
###.# # #.# #


You could see 3 wights.

Vanquished Creatures
  A hornet (D:4)
  An orc warrior (D:6)
  A black bear (D:4)
  3 ice beasts
  2 ogres
  2 centaurs
  4 phantoms
  Blork the orc (D:5)
  2 scorpions
  10 wights
  4 howler monkeys
  2 bombardier beetles
  2 hounds
  3 bullfrog zombies (Ossuary)
  A jelly (D:7)
  A gnoll bouda (D:7)
  An orc priest (D:3)
  A sleepcap (D:5)
  3 iguanas
  2 scorpion zombies (D:6)
  4 orc wizards
  11 mummies (Ossuary)
  A hell rat (Sewer)
  3 crocodile zombies (Ossuary)
  A killer bee zombie (Ossuary)
  A hound zombie (Ossuary)
  4 howler monkey zombies (Ossuary)
  13 gnolls
  15 adders
  5 howler monkey skeletons (D:6)
  3 river rats (Sewer)
  A shadow imp (D:6)
  4 white imps
  4 dart slugs
  A ribbon worm (D:2)
  18 orcs
  7 bats
  12 endoplasms
  11 giant cockroaches
  6 hobgoblins
  7 quokkas
  7 ball pythons
  A ball python zombie (Ossuary)
  A frilled lizard (D:2)
  8 goblins
  8 kobolds
  14 rats
218 creatures vanquished.

Vanquished Creatures (others)
  A bombardier beetle (D:6)
1 creature vanquished.

Grand Total: 219 creatures vanquished

Notes
Turn   | Place    | Note
-------+----------+-------------------------------------------
     0 | D:1      | BubbleThief the Kobold Brigand began the quest for the Orb.
     0 | D:1      | Reached XP level 1. HP: 12/12 MP: 1/1
    51 | D:1      | Reached XP level 2. HP: 17/17 MP: 2/2
   102 | D:1      | Reached skill level 6 in Stealth
   102 | D:1      | Reached XP level 3. HP: 21/21 MP: 3/3
   300 | D:1      | Reached XP level 4. HP: 26/26 MP: 4/4
   801 | D:2      | Found a faded altar of an unknown god.
   897 | D:2      | Found an iron altar of Okawaru.
   925 | D:2      | You fall into a shaft and drop 2 floors!
   935 | D:4      | Noticed an ogre
   946 | D:4      | Killed an ogre
   947 | D:4      | Reached skill level 5 in Short Blades
   947 | D:4      | Reached skill level 7 in Stealth
   947 | D:4      | Reached XP level 5. HP: 28/30 MP: 5/5
   962 | D:4      | Found a glowing drain.
   986 | Sewer    | Entered a sewer
  1003 | Sewer    | Reached XP level 6. HP: 23/35 MP: 6/6
  1146 | Sewer    | Reached skill level 8 in Stealth
  1230 | D:4      | Found a glowing silver altar of Zin.
  1238 | D:4      | Noticed a hornet
  1242 | D:4      | Killed a hornet
  1243 | D:4      | Reached skill level 9 in Stealth
  1243 | D:4      | Reached XP level 7. HP: 40/40 MP: 7/7
  1685 | D:3      | Found a radiant altar of Vehumet.
  2008 | D:3      | Found a shimmering blue altar of Sif Muna.
  2840 | D:4      | Reached skill level 10 in Stealth
  2840 | D:4      | Reached XP level 8. HP: 12/44 MP: 8/8
  3196 | D:5      | Entered Level 5 of the Dungeon
  3431 | D:5      | Found a basalt altar of Yredelemnul.
  3566 | D:5      | Noticed Blork the orc
  3570 | D:5      | Killed Blork the orc
  3757 | D:5      | Reached skill level 11 in Stealth
  4338 | D:6      | Reached skill level 10 in Short Blades
  4338 | D:6      | Reached XP level 9. HP: 48/48 MP: 9/9
  4347 | D:6      | Found a shadowy altar of Dithmenos.
  4375 | D:6      | Became a worshipper of Dithmenos the Shadowed
  4515 | D:6      | Reached skill level 12 in Stealth
  4532 | D:6      | Found a sand-covered staircase.
  4545 | Ossuary  | Entered an ossuary
  4783 | Ossuary  | Reached * piety under Dithmenos
  5159 | D:6      | Found Gian's Antique Armour Shoppe.
  5354 | D:6      | Reached skill level 5 in Fighting
  5354 | D:6      | Reached skill level 13 in Stealth
  5419 | D:6      | Reached skill level 5 in Dodging
  5617 | D:6      | Found a sparkling altar of Nemelex Xobeh.
  5799 | D:6      | Reached XP level 10. HP: 59/59 MP: 10/10
  6266 | D:6      | Reached ** piety under Dithmenos
  6782 | D:7      | Reached skill level 14 in Stealth
  6958 | D:7      | Found a staircase to the Ecumenical Temple.
  7124 | D:8      | Found a transporter.
  7124 | D:8      | Noticed pigah's ghost (novice OnCA)
  7162 | D:8      | Slain by a wight

Illustrated notes

Levels and vault maps discovered:
D:1:      amcnicky_arrival_single_pillar, layout_rooms, minmay_tetromino_o4
D:2:      layout_basic, basic_altar, ebering_ecumenical_altar_sacrificial
D:3:      layout_loops_ring, vehumet_altar_wand_db, mainiacjoe_overflow_alcove_4
D:4:      layout_basic, mainiacjoe_overflow_catwalk, portal_sewer_entry_f
D:5:      minmay_general_purpose_star, layout_gridville,
          mainiacjoe_overflow_six_doors_small, uniq_blork_the_orc,
          uniq_eustachio, uniq_edmund
D:6:      layout_loops_ring, nicolae_dithmenos_shadow_blocks,
          nemelex_spade_bored_becter, serial_shops, shop,
          mainiacjoe_ossuary_entry_find_the_door, grunt_ministairs_6
D:7:      layout_cave_pools, minmay_temple_entry_glassed_door,
          nicolae_the_louvre
D:8:      layout_basic, mainiacjoe_overflow_concentric_impassable, tgw_trog,
          worldfamousw_hep_ancestral_shrine, gammafunk_ghost_arena, serial_ice,
          serial_ice_f, serial_ice_h, serial_ice_d, serial_ice_l, serial_ice_c

Skill      XL: |  1  2  3  4  5  6  7  8  9 10 |
---------------+-------------------------------+-----
Short Blades   | 3 4 5 7 8 10 | 10.0
Stealth        | 6 7 9 10 11 13 14 | 14.0
Dodging        | 5 6 |  6.8
Fighting       | 5 6 |  6.6
Throwing       | |  2.1

Action                     |  1- 3 |  4- 6 |  7- 9 | 10-12 || total
---------------------------+-------+-------+-------+-------++-------
  Melee: Dagger            |    55 |   114 |   565 |   208 ||   942
  Throw: Dart              |       |     1 |       |       ||     1
  Evoke: Wand              |       |       |    10 |       ||    10
    Use: Scroll            |       |     3 |       |       ||     3
   Stab: Sleeping          |    13 |    14 |    59 |    13 ||    99
         Distracted        |       |       |     3 |       ||     3
 Armour: Robe              |    16 |    24 |   130 |    41 ||   211
  Dodge: Dodged            |    11 |    45 |   186 |   110 ||   352
  Block: Other             |    10 |    16 |    63 |    30 ||   119
         Reflection        |       |       |       |     1 ||     1

Table legend: (Time is in decaauts)
 A = Elapsed time spent in this place.
 B = Non-inter-level travel time spent in this place.
 C = Inter-level travel time spent in this place.
 D = Time resting spent in this place.
 E = Time spent auto-exploring this place.
 F = Levels seen in this place.
 G = Mean time per level.
                   A        B        C        D        E       F      G
               +--------+--------+--------+--------+--------+-----+--------+
         Total |   6811 |   6628 |    183 |    183 |   4858 |  10 |  681.1 |
       Dungeon |   6161 |   5978 |    183 |     93 |   4576 |   8 |  770.1 |
         Sewer |    198 |    198 |      0 |     90 |     36 |   1 |  198.0 |
       Ossuary |    451 |    451 |      0 |      0 |    245 |   1 |  451.0 |
               +--------+--------+--------+--------+--------+-----+--------+

Top non-repeatable levels by time:
     D:6: 1364 daAuts
     D:5: 1062 daAuts
     D:3: 870 daAuts
     D:4: 765 daAuts
     D:7: 758 daAuts
     D:1: 676 daAuts
     D:2: 600 daAuts
 Ossuary: 451 daAuts
   Sewer: 198 daAuts
     D:8: 64 daAuts
